Unix NetHack Version 3.7.0-59 Work-in-progress - last build Jun 5 2022 17:08:46 (499eea869b49aadf0d9bfe9a757f046f4740a4be,branch:master). Game began 2022-06-10 20:24:40, ended 2022-06-10 20:36:07. Lawliet, lawful male human Samurai ------------ |...........## |..........| ##### -|---------- # # #+ # ----------- # |....{....| # |..........### # #..........| # ## #)#----------- # ----.------- ---------------- # ###|..........| |..............| # #...........| |..............| #### |..........| ###...............| ---.-- # +...........#### ---------------- |.....| ####### ###)@# |.<........| |....>.########## ------------ |.....| ------- Lawliet the Ronin St:17 Dx:13 Co:18 In:10 Wi:8 Ch:7 Lawful Dlvl:6 $:115 HP:0(27) Pw:8(8) AC:3 Exp:3 T:1345 Latest messages: Where do you want to travel to? (For instructions type a '?') You are beginning to feel weak. Are you sure you want to pray? [yn] (n) y You begin praying to Amaterasu Omikami. You are surrounded by a shimmering light. You finish your prayer. You feel that Amaterasu Omikami is well-pleased. Your stomach feels content. You hear someone counting gold coins. What do you want to call this dungeon level? vault The door resists! The door opens. You see here 5 gold pieces. $ - 5 gold pieces. r - a sky blue potion. s - a yellow gem. Where do you want to travel to? (For instructions type a '?') You descend the stairs. The door opens. This door is locked. This door is locked. This door is locked. This door is locked. Where do you want to travel to? (For instructions type a '?') You see here 41 gold pieces. $ - 41 gold pieces. t - a tripe ration. u - a green gem. Where do you want to travel to? (For instructions type a '?') The gnome wields 4 daggers! You kill the gnome! You see here 4 daggers. You hear a door open. You see here a scroll labeled ELAM EBOW. v - a scroll labeled ELAM EBOW. You are hit by a crossbow bolt! You are hit by a crossbow bolt! A crossbow bolt misses you. You are hit by a crossbow bolt! You are hit by a crossbow bolt! You die... Do you want your possessions identified? [ynq] (y) y Do you want to see your attributes? [ynq] (y) y Do you want an account of creatures vanquished? [ynaq] (y) y Do you want to see your conduct and achievements? [ynq] (y) y Do you want to see the dungeon overview? [ynq] (y) y Major events: Turn 1: Lawliet the lawful male human Samurai entered the dungeon 1022: entered the Gnomish Mines 1053: attained the rank of Ronin (level 3) 1345: killed by a crossbow bolt Inventory: Coins $ - 115 gold pieces Weapons d - 29 blessed +0 ya (in quiver) c - a +0 yumi a - a +0 katana (weapon in hand) b - a +0 wakizashi (alternate weapon; not wielded) Armor q - an uncursed +0 orcish helm (being worn) e - an uncursed rustproof +0 splint mail (being worn) Comestibles i - 2 uncursed slime molds t - an uncursed tripe ration p - 2 uncursed eggs l - 2 uncursed lichen corpses Scrolls v - an uncursed scroll of create monster m - an uncursed scroll of gold detection o - an uncursed scroll of identify Spellbooks g - an uncursed spellbook of light Potions k - an uncursed potion of restore ability r - an uncursed potion of see invisible Wands j - a wand of secret door detection (0:12) Tools f - an uncursed blindfold h - a blessed brass lantern Gems/Stones s - an uncursed chrysoberyl stone u - an uncursed worthless piece of green glass n - an uncursed worthless piece of violet glass Lawliet the Samurai's attributes: Background: You were a Ronin, a level 3 male human Samurai. You were lawful, on a mission for Amaterasu Omikami who was opposed by Raijin (neutral) and Susanowo (chaotic). You were in the Dungeons of Doom, on level 6. You entered the dungeon 1345 turns ago. You had 51 experience points, 29 more were needed to attain level 4. Basics: You had 0 out of 27 hit points. You had all 8 energy points (spell power). Your armor class was 3. Your wallet contained 115 zorkmids. Autopickup was off. Final Characteristics: Your strength was 17 (limit:18/100). Your dexterity was 13 (limit:18). Your constitution was 18 (limit:18). Your intelligence was 10 (limit:18). Your wisdom was 8 (limit:18). Your charisma was 7 (limit:18). Final Status: You were not hungry. You were unencumbered. You were wielding a long sword. You had basic skill with long sword. Final Attributes: You were devoutly aligned. You were warded. You were fast. You are dead. Miscellaneous: You never encountered a bones level. Total elapsed playing time was 11 minutes and 26 seconds. Vanquished creatures: a hobgoblin a yellow mold a gnome 3 geckos 4 jackals 2 kobolds a goblin a sewer rat 2 grid bugs 3 lichens 2 kobold zombies a newt 22 creatures vanquished. No species were genocided or became extinct. Voluntary challenges: You read items or engraved 2 times. You engraved Elbereth 1 time. You never genocided any monsters. You never polymorphed an object. You never changed form. You used no wishes. Achievements: You entered a shop. You entered the Gnomish Mines. You attained the rank of Ronin. The Dungeons of Doom: levels 1 to 6 Level 1: Level 2: A general store, a fountain. Level 3: A fountain. Level 4: Many fountains. Stairs down to The Gnomish Mines. Level 5: "vault" A fountain. Level 6: <- You were here. A fountain. Final resting place for you, killed by a crossbow bolt. The Gnomish Mines: Level 5: Game over: ---------- / \ / REST \ / IN \ / PEACE \ / \ | Lawliet | | 115 Au | | killed by a | | crossbow bolt | | | | | | 2022 | *| * * * | * _________)/\\_//(\/(/\)/\//\/|_)_______ Sayonara Lawliet the Samurai... You died in The Dungeons of Doom on dungeon level 6 with 558 points, and 115 pieces of gold, after 1345 moves. You were level 3 with a maximum of 27 hit points when you died.